 Dungeon Crawl Stone Soup version 0.22-a0-284-g99d1f74 (webtiles) character file.

5594 RoseArtemis the Cleaver (level 10, -1/91 HPs)
             Began as a Minotaur Fighter on Mar 21, 2018.
             Was a High Priest of Okawaru.
             Succumbed to ThereIsNoGod's ghost's toxic radiance
             ... on level 9 of the Dungeon.
             The game lasted 00:19:08 (7488 turns).

RoseArtemis the Cleaver (Minotaur Fighter)          Turns: 7488, Time: 00:19:09

Health: -1/91      AC: 17    Str: 21    XL:     10   Next: 45%
Magic:  9/9        EV:  7    Int:  6    God:    Okawaru [*****.]
Gold:   554        SH: 11    Dex: 12    Spells: 9/9 levels left

rFire    + . .     SeeInvis .   K - +0 hand axe (elec)
rCold    . . .     Gourm    .   c - +0 shield
rNeg     . . .     Faith    .   w - +0 plate armour
rPois    .         Spirit   .   (helmet restricted)
rElec    .         Reflect  .   E - +0 cloak
rCorr    .         Harm     .   x - +0 pair of gloves
MR       .....                  (no boots)
Stlth    ..........             (no amulet)
HPRegen  0.25/turn              q - ring of protection from fire
MPRegen  0.11/turn              (no ring)

@: lethally poisoned (-1 -> -15)
A: retaliatory headbutt, horns 2
a: Heroism, Finesse, Renounce Religion


You were on level 9 of the Dungeon.
You worshipped Okawaru.
Okawaru was extremely pleased with you.
You were not hungry.

You visited 1 branch of the dungeon, and saw 9 of its levels.

You collected 554 gold pieces.

Inventory:

Hand Weapons
 K - a +0 hand axe of electrocution (weapon)
Missiles
 g - 2 throwing nets (quivered)
Armour
 c - a +0 shield (worn)
 w - a +0 plate armour (worn)
 x - a +0 pair of gloves (worn)
 E - a +0 cloak (worn)
Jewellery
 q - a ring of protection from fire (left hand)
 u - an uncursed ring of ice
 J - a +3 ring of protection {unknown}
Wands
 m - a wand of polymorph (27)
 y - a wand of enslavement (12)
 z - a wand of digging (13)
 D - a wand of clouds (4)
Scrolls
 h - 5 scrolls of remove curse
 k - a scroll of amnesia
 l - a scroll of enchant weapon
 r - a scroll of immolation {unknown}
 v - 2 scrolls of fear {unknown}
 A - a scroll of blinking {unknown}
 G - a scroll of holy word {unknown}
 H - 2 scrolls of brand weapon {unknown}
 I - a scroll of acquirement {unknown}
Potions
 d - 2 potions of might
 e - 2 potions of mutation
 i - 2 potions of lignification {unknown}
 j - 4 potions of curing
 n - a potion of cancellation {unknown}
 o - a potion of heal wounds {unknown}
 p - 3 potions of haste
 s - a potion of magic {unknown}
 t - a potion of degeneration {unknown}
 B - a potion of flight {unknown}
 C - a potion of agility {unknown}
 F - 3 potions of brilliance
Comestibles
 a - 2 chunks of flesh
 f - 14 rations


   Skills:
 + Level 9.2 Fighting
 * Level 11.9 Axes
 + Level 9.2 Armour
 + Level 5.2 Dodging
 - Level 7.0 Shields


You had 9 spell levels left.
You didn't know any spells.

Dungeon Overview and Level Annotations

Branches:
Dungeon (9/15)             Temple (0/1) D:4            Lair (0/6) D:9
    Orc: D:9-12

Altars:
Elyvilon
Gozag
Hepliaklqana
Nemelex Xobeh
Okawaru
Sif Muna
Uskayaw
Yredelemnul
Zin
The Shining One

Annotations:
D:9 ThereIsNoGod's ghost, journeyman SpVM


Innate Abilities, Weirdness & Mutations

You reflexively headbutt those who attack you in melee.
You have a pair of horns on your head.


Message History

* * * LOW HITPOINT WARNING * * *
You are more poisoned.
ThereIsNoGod's ghost gestures at you while chanting.
The ball explodes into a vile cloud!
The stinking cloud engulfs you!
The stinking cloud engulfs ThereIsNoGod's ghost.
ThereIsNoGod's ghost appears unharmed.
You hear a shout!
You miss ThereIsNoGod's ghost.
ThereIsNoGod's ghost is almost destroyed.
You are engulfed in noxious fumes.
* * * LOW HITPOINT WARNING * * *
x2 You feel sick.
* * * LOW HITPOINT WARNING * * *
You are more poisoned.
ThereIsNoGod's ghost closely misses you.
Your shield and plate armour prevent you from hitting ThereIsNoGod's ghost.
ThereIsNoGod's ghost is almost destroyed.
You are engulfed in noxious fumes.
* * * LOW HITPOINT WARNING * * *
You die...

#$ .... ###.##..#
.Z......# #.(# # #)(# #
##.##(.###...#
#...(5).......
.....###W####.#.# ###
#@# #(# #.# #.# #.#
##.## #
####...###.#.#.....>..
<.....#.......##.......
#####....###### .......


You could see ThereIsNoGod's ghost and a shadow imp.

Vanquished Creatures
  A two-headed ogre (D:9)
  Pikel (D:7)
  An elephant (D:9)
  Grinder (D:5)
  2 hippogriffs (D:9)
  Eustachio (D:6)
  A basilisk (D:9)
  Menkaure (D:5)
  2 orc warriors
  3 ice beasts
  2 slaves (D:7)
  A necrophage (D:8)
  2 sky beasts
  A phantom (D:5)
  5 ogres
  3 centaurs
  2 crocodiles (D:8)
  3 bullfrogs
  2 scorpions
  5 killer bees (D:8)
  4 jellies
  2 howler monkeys (D:7)
  2 crimson imps
  3 bullfrog zombies
  A centaur zombie (D:9)
  5 hounds
  An orc priest (D:4)
  Crazy Yiuf (D:6)
  An iguana (D:5)
  8 orc wizards
  A worker ant (D:9)
  A hound zombie (D:5)
  2 worker ant zombies
  5 gnolls
  8 adders
  3 shadow imps
  An ooze (D:7)
  An adder zombie (D:7)
  4 adder skeletons
  A worm (D:3)
  A dart slug (D:1)
  5 leopard geckos
  21 orcs
  12 bats
  3 giant cockroaches
  4 goblins
  8 hobgoblins
  8 jackals
  10 kobolds
  A quokka (D:9)
  2 ball pythons
  2 frilled lizards (D:1)
  2 quokka skeletons
  7 rats
181 creatures vanquished.

Vanquished Creatures (others)
  2 slaves (D:7)
  An orc wizard (D:7)
  2 orcs (D:7)
  A quokka (D:7)
6 creatures vanquished.

Grand Total: 187 creatures vanquished

Notes
Turn   | Place    | Note
-------+----------+-------------------------------------------
     0 | D:1      | RoseArtemis the Minotaur Fighter began the quest for the Orb.
     0 | D:1      | Reached XP level 1. HP: 19/19 MP: 0/0
   174 | D:1      | Reached XP level 2. HP: 27/27 MP: 1/1
   251 | D:1      | Reached skill level 3 in Axes
   441 | D:1      | Reached XP level 3. HP: 31/33 MP: 2/2
   532 | D:1      | Found a sparkling altar of Nemelex Xobeh.
   979 | D:2      | Found an iron altar of Okawaru.
   998 | D:2      | Became a worshipper of Warmaster Okawaru
  1166 | D:2      | Reached XP level 4. HP: 38/40 MP: 3/3
  1614 | D:3      | Reached skill level 4 in Axes
  1673 | D:3      | Found a glowing golden altar of the Shining One.
  1676 | D:3      | Noticed an angel
  1686 | D:3      | Found a basalt altar of Yredelemnul.
  1693 | D:3      | Noticed a profane servitor
  2215 | D:3      | Found a white marble altar of Elyvilon.
  2279 | D:4      | Found an iron altar of Okawaru.
  2280 | D:4      | Found a glowing silver altar of Zin.
  2386 | D:4      | Noticed an ogre
  2391 | D:4      | Killed an ogre
  2391 | D:4      | Reached * piety under Okawaru
  2391 | D:4      | Reached XP level 5. HP: 25/47 MP: 4/4
  2614 | D:4      | Reached skill level 5 in Axes
  2648 | D:4      | Reached XP level 6. HP: 34/55 MP: 5/5
  2815 | D:4      | Found a staircase to the Ecumenical Temple.
  2827 | D:4      | Reached skill level 5 in Armour
  2941 | D:4      | Found a sand-covered staircase.
  3289 | D:5      | Entered Level 5 of the Dungeon
  3322 | D:5      | Reached skill level 5 in Fighting
  3322 | D:5      | Reached skill level 5 in Shields
  3398 | D:5      | Reached skill level 6 in Axes
  3440 | D:5      | Reached XP level 7. HP: 47/61 MP: 6/6
  3444 | D:5      | Reached ** piety under Okawaru
  3702 | D:5      | Noticed Grinder
  3729 | D:5      | Killed Grinder
  3729 | D:5      | Reached skill level 7 in Axes
  3772 | D:5      | HP: 3/62 [acid (9)]
  4229 | D:5      | Noticed Menkaure
  4237 | D:5      | Killed Menkaure
  4237 | D:5      | Reached XP level 8. HP: 70/70 MP: 4/7
  4648 | D:5      | Reached skill level 8 in Axes
  4734 | D:6      | Noticed Eustachio
  4744 | D:6      | Killed Eustachio
  4976 | D:6      | Reached *** piety under Okawaru
  5155 | D:6      | Reached skill level 9 in Axes
  5229 | D:6      | Found a runed door.
  5372 | D:6      | Noticed Crazy Yiuf
  5378 | D:6      | Killed Crazy Yiuf
  5480 | D:7      | Noticed Pikel
  5496 | D:7      | Killed Pikel
  5496 | D:7      | Reached XP level 9. HP: 55/79 MP: 5/8
  5676 | D:7      | Reached **** piety under Okawaru
  5841 | D:7      | Reached skill level 10 in Axes
  5982 | D:7      | Found a sparkling altar of Nemelex Xobeh.
  6898 | D:8      | Reached skill level 11 in Axes
  7184 | D:9      | Reached XP level 10. HP: 85/90 MP: 6/9
  7286 | D:9      | Noticed an elephant
  7287 | D:9      | Found a staircase to the Lair.
  7303 | D:9      | Killed an elephant
  7303 | D:9      | Reached ***** piety under Okawaru
  7319 | D:9      | Found an opulent altar of Gozag.
  7319 | D:9      | Found a hide-covered altar of Uskayaw.
  7325 | D:9      | Found a sparkling altar of Nemelex Xobeh.
  7327 | D:9      | Found a deep blue altar of Sif Muna.
  7329 | D:9      | Found a hazy altar of Hepliaklqana.
  7372 | D:9      | Noticed a two-headed ogre
  7385 | D:9      | Killed a two-headed ogre
  7385 | D:9      | Reached skill level 5 in Dodging
  7438 | D:9      | Noticed ThereIsNoGod's ghost (journeyman SpVM)
  7487 | D:9      | HP: 2/91 [ThereIsNoGod's ghost/Olgreb's Toxic Radiance (4)]
  7488 | D:9      | Succumbed to ThereIsNoGod's ghost's toxic radiance

Vault maps used:
D:1:      giann_forest_graveyard, nemelex_diamond_rough_becter
D:2:      minmay_strange_pillars, minmay_stone_trees_small,
          okawaru_altar_gauntlet_db
D:3:      grunt_temple_overflow_holy_war, marbit_many_paths
D:4:      gammafunk_temple_overflow_pools, minmay_temple_entry_poolview,
          nicolae_ossuary_entry_plus
D:5:      kb_forest_paths, first_ration,
          hangedman_abyss_or_decor_jellyfish_corner, uniq_menkaure, uniq_grinder
D:6:      uniq_crazy_yiuf_cottage, uniq_eustachio
D:7:      basic_altar, uniq_pikel
D:9:      chequers_temple_overflow_minitemple, david_lair_generic

Skill      XL: |  1  2  3  4  5  6  7  8  9 10 |
---------------+-------------------------------+-----
Axes           | 3 4 5 6 7 9 11 | 11.9
Armour         | 4 5 6 7 8 9 |  9.2
Shields        | 4 5 6 7 |  7.0
Fighting       | 4 5 6 7 8 9 |  9.2
Dodging        | 2 4 5 |  5.2

Action                   |  1- 3 |  4- 6 |  7- 9 | 10-12 || total
-------------------------+-------+-------+-------+-------++-------
Melee: War axe           |    92 |   137 |   278 |       ||   507
       Headbutt          |     4 |    27 |    47 |    18 ||    96
       Hand axe          |       |       |    17 |    83 ||   100
Invok: Heroism           |       |     2 |    13 |     4 ||    19
       Finesse           |       |       |       |     1 ||     1
  Use: Scroll            |       |     7 |     6 |       ||    13
       Potion            |       |       |     1 |       ||     1
  Eat: Chunk             |     1 |     7 |     9 |     1 ||    18
       Ration            |       |       |     1 |       ||     1
Armor: Scale mail        |    52 |    56 |    61 |       ||   169
       Skin              |       |       |     1 |       ||     1
       Plate armour      |       |       |    39 |    38 ||    77
Dodge: Dodged            |    45 |    32 |    74 |    10 ||   161
Block: Shield            |    56 |    83 |   126 |    27 ||   292

Table legend:
 A = Spawn XP
 B = Non-spawn XP
 C = Spawn XP percentage of total XP
 D = Spawn monster count
 E = Non-spawn monster count
 F = Spawn count percentage of total count
 G = Total turns spent on level
                    A         B        C        D         E        F      G
               +---------+---------+-------+---------+---------+-------+---------
         Total |       0 |    7992 |   0.0 |       0 |     179 |   0.0 |  7488
               +---------+---------+-------+---------+---------+-------+---------
           D:1 |       0 |      43 |   0.0 |       0 |      25 |   0.0 |   780
           D:2 |       0 |      61 |   0.0 |       0 |      18 |   0.0 |   768
           D:3 |       0 |      65 |   0.0 |       0 |      21 |   0.0 |   719
           D:4 |       0 |     279 |   0.0 |       0 |      18 |   0.0 |  1312
           D:5 |       0 |    1504 |   0.0 |       0 |      26 |   0.0 |  1155
           D:6 |       0 |     625 |   0.0 |       0 |      11 |   0.0 |   723
           D:7 |       0 |    1549 |   0.0 |       0 |      20 |   0.0 |   763
           D:8 |       0 |    1339 |   0.0 |       0 |      21 |   0.0 |   932
           D:9 |       0 |    2527 |   0.0 |       0 |      19 |   0.0 |   336
               +---------+---------+-------+---------+---------+-------+---------
